 Dungeon Crawl Stone Soup version 0.31.0-1-g2c135a008e (webtiles) character file.

Game seed: 13232449606500710472

1495 qw the Shooter (level 9, -1/71 HPs)
             Began as a Djinni Hunter on Jan 24, 2024.
             Was an Initiate of Okawaru.
             Killed by divine providence
             ... invoked by Jeremiah
              (10 damage)
             ... on level 6 of the Dungeon.
             The game lasted 00:00:24 (5173 turns).

qw the Shooter (Djinni Hunter)                      Turns: 5173, Time: 00:00:25

Health: -1/71      AC:  9    Str: 16    XL:     9   Next: 8%
Gold:   365        EV: 15    Int: 11    God:    Okawaru [......] SH:  0 Dex: 27

rFire   + + .        a - +0 shortbow
rCold   x . .        (shield currently unavailable)
rNeg    . . .        f - +0 ring mail
rPois   inf          h - +2 hat
rElec   .            (no cloak)
rCorr   .            (no gloves)
SInv    .            (boots unavailable)
Will    .....        (no amulet)
Stlth   ++           e - +6 ring of strength
HPRegen 0.31/turn    i - +6 ring of dexterity
MPRegen 0.00/turn

%: infuse magic (-2 HP)
@: flying
A: sickness immunity, fire resistance 2, cold vulnerability 1, float, innate
caster, HP casting, extra vitality 1, iridescent scales 1, robust 1
a: Renounce Religion


You were on level 6 of the Dungeon.
You worshipped Okawaru.
Okawaru was noncommittal.
You visited 2 branches of the dungeon, and saw 7 of its levels.

You collected 365 gold pieces.


Innate Abilities, Weirdness & Mutations

You are immune to sickness and miasma.
You are immune to poison.
Your flesh is very heat resistant. (rF++)
You are vulnerable to cold. (rC-)
You float through the air rather than walking.
You learn spells naturally, not from books.
Your magical power is your life essence.
You have superior vitality. (+4 MHP)
You are partially covered in iridescent scales. (AC +2)
You are robust. (+10% HP)


   Skills:
 - Level 5.0 Fighting
 - Level 7.8 Ranged Weapons
 - Level 1.1 Armour
 + Level 5.1 Dodging
 - Level 0.7 Stealth


You knew the following spells:

 Your Spells              Type           Power      Damage    Failure   Level
a - Sandblast             Erth           0%         2d4       56%         1
b - Static Discharge      Conj/Air       0%         3-3/arc   71%         2
c - Swiftness             Air            0%         N/A       90%         3
d - Iskenderun's Mystic   Conj/Tloc      0%         2d3       100%        4
Your spell library was empty.

Inventory:

Hand Weapons
 a - a +0 shortbow (weapon)
Armour
 f - a +0 ring mail (worn)
 h - a +2 hat (worn)
Jewellery
 e - a +6 ring of strength (left hand)
 i - a +6 ring of dexterity (right hand)
Potions
 b - a potion of enlightenment
 c - a potion of resistance {unknown}
 d - 3 potions of curing
 g - 2 potions of might

Dungeon Overview and Level Annotations

Branches:
Dungeon (6/15)             Temple (1/1) D:5

Altars:
Ashenzari
Dithmenos
Elyvilon
Fedhas
Gozag
Hepliaklqana
Makhleb
Nemelex Xobeh
Okawaru
Qazlal
Ru
Wu Jian
Xom
Yredelemnul
Zin
The Shining One

Shops:
D:1 [

Annotations:
D:5 2 transporters
D:6 Jeremiah


Message History

The arrow closely misses the butterfly.
The butterfly disappears in a burst of colours!
Jeremiah shouts, "O dreadful one, destroy my foe!"
Something smites you!
Jeremiah hits you with a +4 vampiric trident!
You shoot an arrow.
The arrow hits Jeremiah but does no damage.
Jeremiah is moderately wounded.
The butterfly disappears in a burst of colours!
Jeremiah hits you with a +4 vampiric trident.
You shoot an arrow. The arrow hits Jeremiah!
Jeremiah is heavily wounded.
The butterfly disappears in a burst of colours!
Jeremiah hits you with a +4 vampiric trident.
You shoot an arrow.
The arrow hits Jeremiah but does no damage.
Jeremiah is heavily wounded.
The butterfly disappears in a burst of colours! x2
Jeremiah hops!
The butterfly disappears in a burst of colours!
The butterfly disappears in a burst of colours! x2
The butterfly disappears in a burst of colours! x2
The butterfly disappears in a burst of colours! x3
The butterfly disappears in a burst of colours! x5
The butterfly disappears in a burst of colours! x2
Jeremiah hops!
You shoot an arrow.
The arrow hits Jeremiah but does no damage.
Jeremiah is heavily wounded.
The butterfly disappears in a burst of colours!
Jeremiah hops!
5172 ||| FLEEEEING.
5173 ||| FLEEEEING.
You shoot an arrow. The arrow hits the butterfly.
You kill the butterfly!
The butterfly disappears in a burst of colours!
The butterfly disappears in a burst of colours!
Jeremiah throws their arms up pleadingly.
Something smites you!
You die...
Jeremiah says, "O terrible one, your will is done."

#....#.#.# ####.########
# #........# #.
#...:....# #! #.##.###.#
##.# #.##.###.# # ##...##
#.##<..#.# ##
###b....#####b###....###.
........@..............'.
###.b.#.#########...####.
##. #b# #..># ## # #.#
###%# # #b# ##.##### b.#
#.......


bb# #..##### F## #..# #..#### You could see Jeremiah.

Vanquished Creatures
  Eustachio (D:5)
  2 water moccasins
  2 black bears
  A phantom (D:5)
  A scorpion (D:5)
  4 necrophages (D:5)
  A wyvern zombie (D:5)
  2 bombardier beetles
  2 jellies
  An orc priest (D:3)
  2 scorpion zombies (D:5)
  A sleepcap (D:4)
  2 iguanas
  Natasha (twice) (D:2)
  8 adders
  3 gnolls (D:6)
  2 ufetubi (D:5)
  An adder zombie (D:5)
  2 ribbon worms
  A dart slug (D:4)
  8 orcs
  10 ball pythons
  3 endoplasms
  2 giant cockroaches
  3 goblins
  4 hobgoblins
  12 jackals
  6 kobolds
  5 quokkas
  7 bats
  3 frilled lizards
  7 rats
111 creatures vanquished.

Notes
Turn   | Place    | Note
-------+----------+-------------------------------------------
     0 | D:1      | qw the Djinni Hunter began the quest for the Orb.
     0 | D:1      | Reached XP level 1. HP: 18/18 MP: 0/0
     0 | D:1      | 0 ||| qw: Version: 0.3-a-136-gdd3b4e8
     0 | D:1      | 0 ||| qw: Game counter: 1400
     0 | D:1      | 0 ||| qw: Melee chars always use a shield: true
     0 | D:1      | 0 ||| qw: God list: Okawaru
     0 | D:1      | 0 ||| qw: Allow faded altars: false
     0 | D:1      | 0 ||| qw: Do Orc after clearing Dungeon:15 true
     0 | D:1      | 0 ||| qw: Do second Lair branch before Depths: true
     0 | D:1      | 0 ||| qw: Lair rune preference: random
     0 | D:1      | 0 ||| qw: Goals: Normal
     0 | D:1      | 0 ||| PLANNING D:1-11
   183 | D:1      | Reached XP level 2. HP: 23/23 MP: 0/0
   379 | D:1      | Noticed an animated shadow dragon scales
   456 | D:1      | Found Wiatotef's Armour Shoppe.
   458 | D:1      | Noticed an animated crystal plate armour
   464 | D:1      | 464 ||| SHOPLISTING +1 ring mail of cold resistance (160
                  | gold, have 28).
   464 | D:1      | 464 ||| SHOPLISTING +4 ring mail of cold resistance (310
                  | gold, have 28).
   548 | D:1      | 548 ||| UPGRADING to +0 ring mail.
   558 | D:1      | 558 ||| DROPPING +0 leather armour.
   559 | D:1      | 559 ||| READING 3 scrolls labelled WUSEUPTUCLAV.
   559 | D:1      | 559 ||| IDENTIFYING smoky yellow potion
   560 | D:1      | 560 ||| READING 2 scrolls of identify.
   560 | D:1      | 560 ||| IDENTIFYING red potion
   561 | D:1      | 561 ||| DROPPING scroll of butterflies.
   590 | D:2      | Reached skill level 4 in Ranged Weapons
   590 | D:2      | Reached XP level 3. HP: 27/28 MP: 0/0
   590 | D:2      | Learned a level 1 spell: Sandblast
   629 | D:2      | Found a faded altar of an unknown god.
   638 | D:2      | Reached skill level 1 in Armour
   770 | D:2      | Reached XP level 4. HP: 29/34 MP: 0/0
   869 | D:2      | Identified the +1 falchion of Animal Spirits {heavy, rC+
                  | Str+3}
   936 | D:2      | Reached skill level 3 in Fighting
  1120 | D:2      | Noticed Natasha
  1126 | D:2      | Killed Natasha
  1131 | D:2      | Reached XP level 5. HP: 23/40 MP: 0/0
  1131 | D:2      | Learned a level 2 spell: Static Discharge
  1172 | D:2      | Noticed Natasha
  1173 | D:2      | 1173 ||| FLEEEEING.
  1174 | D:2      | 1174 ||| FLEEEEING.
  1175 | D:2      | 1175 ||| FLEEEEING.
  1176 | D:2      | 1176 ||| STAIRDANCE
  1194 | D:1      | 1194 ||| READING scroll of identify.
  1194 | D:1      | 1194 ||| IDENTIFYING bubbling green potion
  1195 | D:1      | 1195 ||| READING scroll labelled YFUMIKHL EPAS.
  1296 | D:1      | 1296 ||| READING scroll labelled APNACHIRH NUSI.
  1297 | D:1      | 1297 ||| READING scroll labelled CABBADYMIA.
  1297 | D:1      | 1297 ||| ENCHANTING +0 shortbow.
  1298 | D:1      | 1298 ||| READING scroll labelled EJOCYZIFFU.
  1371 | D:1      | 1371 ||| DROPPING potion of invisibility.
  1376 | D:2      | Killed Natasha
  1607 | D:2      | 1607 ||| READING scroll labelled QUMETZE PUHO.
  1859 | D:3      | Reached skill level 5 in Ranged Weapons
  1863 | D:3      | Found a sparkling altar of Nemelex Xobeh.
  1908 | D:3      | Found a sacrificial altar of Ru.
  1983 | D:3      | Reached XP level 6. HP: 46/46 MP: 0/0
  2050 | D:3      | Found a faded altar of an unknown god.
  2058 | D:3      | Found a glowing golden altar of the Shining One.
  2186 | D:3      | Reached skill level 3 in Dodging
  2291 | D:3      | Found a stormy altar of Qazlal.
  2343 | D:3      | 2343 ||| READING 2 scrolls of identify.
  2343 | D:3      | 2343 ||| IDENTIFYING pink potion
  2344 | D:3      | 2344 ||| READING scroll of identify.
  2344 | D:3      | 2344 ||| IDENTIFYING viscous orange potion
  2345 | D:3      | 2345 ||| READING scroll labelled DAFIMA YSICIXTU.
  2346 | D:3      | 2346 ||| DROPPING potion of brilliance.
  2501 | D:4      | Found a burning altar of Makhleb.
  2608 | D:4      | 2608 ||| UPGRADING to +6 ring of strength.
  2609 | D:4      | 2609 ||| READING scroll of identify.
  2609 | D:4      | 2609 ||| IDENTIFYING metallic golden potion
  2610 | D:4      | 2610 ||| DRINKING potion of mutation.
  2610 | D:4      | Gained mutation: You are robust. (+10% HP) [potion of
                  | mutation]
  2610 | D:4      | Lost mutation: You are robust. (+10% HP) [potion of
                  | mutation]
  2610 | D:4      | Gained mutation: You have hidden genetic potential. [potion
                  | of mutation]
  2769 | D:4      | 2769 ||| READING scroll labelled PAXTUD KIESMI.
  2799 | D:4      | Noticed a black bear
  2808 | D:4      | HP: 10/47 [black bear (6)]
  2809 | D:4      | HP: 3/47 [black bear (2)]
  2809 | D:4      | HP: 1/47 [black bear (2)]
  2810 | D:4      | Killed a black bear
  2811 | D:4      | Reached XP level 7. HP: 2/53 MP: 0/0
  2811 | D:4      | Learned a level 3 spell: Swiftness
  3291 | D:5      | Entered Level 5 of the Dungeon
  3315 | D:5      | Found a glowing silver altar of Zin.
  3385 | D:5      | Gained mutation: You are partially covered in iridescent
                  | scales. (AC +2) [hidden potential]
  3407 | D:5      | Noticed Eustachio
  3436 | D:5      | 3436 ||| FLEEEEING.
  3437 | D:5      | 3437 ||| FLEEEEING.
  3438 | D:5      | 3438 ||| FLEEEEING.
  3440 | D:5      | 3440 ||| FLEEEEING.
  3441 | D:5      | 3441 ||| FLEEEEING.
  3442 | D:5      | 3442 ||| FLEEEEING.
  3443 | D:5      | 3443 ||| FLEEEEING.
  3444 | D:5      | 3444 ||| FLEEEEING.
  3445 | D:5      | 3445 ||| FLEEEEING.
  3451 | D:5      | 3451 ||| RETREEEEATING.
  3452 | D:5      | 3452 ||| RETREEEEATING.
  3453 | D:5      | 3453 ||| RETREEEEATING.
  3454 | D:5      | 3454 ||| RETREEEEATING.
  3455 | D:5      | 3455 ||| RETREEEEATING.
  3456 | D:5      | 3456 ||| RETREEEEATING.
  3457 | D:5      | 3457 ||| RETREEEEATING.
  3458 | D:5      | 3458 ||| RETREEEEATING.
  3459 | D:5      | 3459 ||| RETREEEEATING.
  3460 | D:5      | 3460 ||| RETREEEEATING.
  3461 | D:5      | 3461 ||| RETREEEEATING.
  3481 | D:5      | Killed Eustachio
  3482 | D:5      | Reached skill level 6 in Ranged Weapons
  3666 | D:5      | Found a staircase to the Ecumenical Temple.
  3667 | D:5      | 3667 ||| PLANNING TEMPLE
  3667 | D:5      | 3667 ||| READING scroll of identify.
  3667 | D:5      | 3667 ||| IDENTIFYING smoky white potion
  3668 | D:5      | 3668 ||| DROPPING potion of lignification.
  3703 | D:5      | Reached XP level 8. HP: 47/58 MP: 0/0
  3740 | Temple   | Entered the Ecumenical Temple
  3741 | Temple   | 3741 ||| PLANNING D:1-11
  3897 | D:5      | Found a transporter.
  3926 | D:5      | HP: 13/58 [orc/+0 flail (6)]
  3937 | D:5      | Gained mutation: You are robust. (+10% HP) [hidden
                  | potential]
  3937 | D:5      | Lost mutation: You have hidden genetic potential. [hidden
                  | potential expressed]
  4142 | D:5      | Found a transporter.
  4237 | D:5      | Found a blossoming altar of Fedhas.
  4345 | D:5      | 4345 ||| RETREEEEATING.
  4346 | D:5      | 4346 ||| RETREEEEATING.
  4347 | D:5      | 4347 ||| RETREEEEATING.
  4348 | D:5      | 4348 ||| RETREEEEATING.
  4349 | D:5      | 4349 ||| RETREEEEATING.
  4350 | D:5      | 4350 ||| RETREEEEATING.
  4351 | D:5      | 4351 ||| RETREEEEATING.
  4352 | D:5      | 4352 ||| RETREEEEATING.
  4353 | D:5      | 4353 ||| RETREEEEATING.
  4354 | D:5      | 4354 ||| RETREEEEATING.
  4355 | D:5      | 4355 ||| RETREEEEATING.
  4356 | D:5      | 4356 ||| RETREEEEATING.
  4357 | D:5      | 4357 ||| RETREEEEATING.
  4358 | D:5      | 4358 ||| RETREEEEATING.
  4359 | D:5      | 4359 ||| RETREEEEATING.
  4360 | D:5      | 4360 ||| RETREEEEATING.
  4361 | D:5      | 4361 ||| RETREEEEATING.
  4362 | D:5      | 4362 ||| RETREEEEATING.
  4363 | D:5      | 4363 ||| RETREEEEATING.
  4364 | D:5      | 4364 ||| RETREEEEATING.
  4365 | D:5      | 4365 ||| RETREEEEATING.
  4366 | D:5      | 4366 ||| RETREEEEATING.
  4367 | D:5      | 4367 ||| RETREEEEATING.
  4368 | D:5      | 4368 ||| RETREEEEATING.
  4369 | D:5      | 4369 ||| RETREEEEATING.
  4370 | D:5      | 4370 ||| RETREEEEATING.
  4371 | D:5      | 4371 ||| RETREEEEATING.
  4372 | D:5      | 4372 ||| RETREEEEATING.
  4373 | D:5      | 4373 ||| RETREEEEATING.
  4374 | D:5      | 4374 ||| RETREEEEATING.
  4402 | D:5      | Reached skill level 7 in Ranged Weapons
  4450 | D:5      | HP: 11/64 [wyvern zombie (11)]
  4452 | D:5      | HP: 2/64 [wyvern zombie (9)]
  4659 | D:5      | 4659 ||| UPGRADING to +2 hat.
  4698 | D:6      | 4698 ||| RETREEEEATING.
  4847 | D:6      | Reached XP level 9. HP: 58/71 MP: 0/0
  4847 | D:6      | Learned a level 4 spell: Iskenderun's Mystic Blast
  4901 | D:6      | 4901 ||| FLEEEEING.
  4953 | D:6      | 4953 ||| FLEEEEING.
  5093 | D:6      | Found an iron altar of Okawaru.
  5094 | D:6      | 5094 ||| PLANNING OKAWARU WORSHIP
  5102 | D:6      | 5102 ||| UPGRADING to +6 ring of dexterity.
  5103 | D:6      | Became a worshipper of Warmaster Okawaru
  5104 | D:6      | 5104 ||| PLANNING D:1-11
  5145 | D:6      | Noticed Jeremiah
  5161 | D:6      | HP: 13/71 [Jeremiah/+4 vampiric trident (8)]
  5163 | D:6      | HP: 5/71 [Jeremiah/+4 vampiric trident (4)]
  5172 | D:6      | 5172 ||| FLEEEEING.
  5173 | D:6      | 5173 ||| FLEEEEING.
  5173 | D:6      | Killed from afar by Jeremiah

Levels and vault maps discovered:
D:1:      dpeg_arrival_leaves_temple_mockup, layout_basic, serial_shops,
          nicolae_shop_mannequins, minmay_stone_trees_medium
D:2:      layout_loops_ring, chequers_ecumenical_altar_simple,
          ebering_dispersal_statue_hall, uniq_natasha
D:3:      layout_basic, nicolae_overflow_ecumenical_swirl,
          overflow_temple_1_default, nicolae_ru_sacrificial_ziggurat,
          mainiacjoe_overflow_swirl
D:4:      layout_loops_cross, mainiacjoe_overflow_concentric_impassable
D:5:      gammafunk_steamed_eel, layout_basic, fedhas_altar_decomposition,
          zin_statuary, minmay_temple_entry_stoned_glass, uniq_eustachio
D:6:      layout_loops_corners, okawaru_altar_gauntlet_db,
          nicolae_uskayaw_dance_studio, chei_slow_surprise, water_maze_lemuel,
          uniq_jeremiah, uniq_duvessa, uniq_pikel
Temple:   cyrus_temple_forest

Skill      XL: |  1  2  3  4  5  6  7  8 |
---------------+-------------------------+-----
Ranged Weapons | 4 5 6 7 |  7.8
Armour         | 1 |  1.1
Fighting       | 3 4 5 |  5.0
Dodging        | 3 4 5 |  5.1
Stealth        | |  0.7

Action                     |  1- 3 |  4- 6 |  7- 9 || total
---------------------------+-------+-------+-------++-------
   Fire: Shortbow          |    75 |   213 |   290 ||   578
    Use: Scroll            |     2 |    11 |     1 ||    14
         Potion            |       |     1 |       ||     1
 Armour: Leather armour    |     7 |       |       ||     7
         Ring mail         |    23 |    81 |   180 ||   284
  Dodge: Dodged            |    34 |    95 |   186 ||   315

Table legend:
 A = Non-vault XP
 B = Vault XP
 C = Vault XP percentage of total XP
 D = Non-vault monster count
 E = Vault monster count
 F = Vault count percentage of total count
                 A         B        C        D         E       F
            +---------+---------+-------+---------+---------+-------
      Total |    1353 |     784 |  36.7 |      95 |      16 |  14.4
            +---------+---------+-------+---------+---------+-------
        D:1 |      28 |       0 |   0.0 |      16 |       0 |   0.0
        D:2 |     120 |      35 |  22.6 |      30 |       1 |   3.2
        D:3 |     157 |       0 |   0.0 |      19 |       0 |   0.0
        D:4 |     241 |       0 |   0.0 |      15 |       0 |   0.0
        D:5 |     500 |     701 |  58.4 |      12 |       9 |  42.9
        D:6 |     307 |      48 |  13.5 |       3 |       6 |  66.7
            +---------+---------+-------+---------+---------+-------
